Map: Backwater LE

Players

EpicMuleTime - Winner!

  • Race: Terran Terran
  • League: Diamond
  • Spawn Location: 11:00

A.I. 2 (Very Easy)

  • Race: Terran Terran
  • Spawn Location: 5:00

VOD

Have the link to the VOD?

Description

TVT OPENER

Time

  • Played on: March 11, 2018, 6:31 p.m.
  • Length: 10:57
Show
View Real Time Build Order
Export as new Build Order

EpicMuleTime Terran - Winner!

Build Orders: Cyclone Opening, Mech 

Get SALT Encoding   

  12  0:02  SCV  
  13  0:14  SCV  
  13  0:18  Supply Depot  
  14  0:26  SCV  
  15  0:28  Refinery  
  15  0:39  SCV  
  16  0:46  Barracks  
  16  0:52  SCV  
  17  1:04  SCV  
  18  1:16  SCV  
  20  1:36  Orbital Command  
  20  1:38  Reaper  
  20  1:46  Command Center  
  20  1:57  Factory  
  20  2:04  Supply Depot  
  20  2:06  SCV  
  21  2:11  Reaper  
  22  2:18  SCV  
  22  2:20  Refinery  
  23  2:33  SCV  
  24  2:45  SCV  
  24  2:47  Cyclone  
  28  2:57  SCV, Orbital Command  
  29  3:05  Barracks Reactor  
  29  3:10  SCV  
  30  3:19  Cyclone  
  33  3:22  SCV  
  33  3:26  SCV  
  35  3:33  Command Center  
  35  3:34  SCV  
  35  3:38  SCV  
  37  3:46  SCV  
  38  3:51  Supply Depot  
  38  3:53  SCV  
  39  3:58  Cyclone x2  
  39  3:59  SCV  
  46  4:03  Refinery  
  46  4:05  Refinery  
  46  4:13  SCV  
  46  4:14  Engineering Bay  
  46  4:15  SCV  
  46  4:16  Supply Depot  
  48  4:25  SCV  
  48  4:29  SCV  
  50  4:31  Cyclone  
  50  4:34  Barracks Tech Lab  
  50  4:37  SCV, Cyclone  
  57  4:41  Supply Depot  
  57  4:43  SCV  
  58  4:55  Factory, Orbital Command  
  58  4:59  SCV  
  59  5:04  Factory  
  59  5:07  SCV  
  59  5:09  Barracks Tech Lab  
  59  5:12  SCV  
  61  5:16  Hellion  
  61  5:19  SCV  
  64  5:22  SCV  
  64  5:25  SCV  
  66  5:31  SCV  
  66  5:34  SCV, Supply Depot  
  68  5:38  SCV  
  68  5:40  Armory  
  69  5:43  SCV  
  69  5:46  SCV  
  69  5:48  Siege Tank  
  74  5:51  SCV  
  74  5:55  SCV  
  74  5:56  Starport  
  76  5:57  Supply Depot  
  76  5:58  SCV  
  76  5:59  Refinery  
  76  6:01  Siege Tank, Refinery  
  76  6:03  SCV, Hellion x2  
  85  6:11  SCV x2  
  86  6:16  SCV  
  88  6:20  Supply Depot  
  88  6:23  Barracks Tech Lab  
  88  6:26  Siege Tank, Factory  
  88  6:28  Terran Vehicle Weapons Level 1  
  88  6:29  Factory  
  88  6:31  SCV x2  
  88  6:32  SCV  
  94  6:34  Siege Tank  
  97  6:42  Hellion x2  
  97  6:43  SCV  
  97  6:44  SCV  
  97  6:45  SCV  
  104  6:47  Supply Depot  
  104  6:50  Supply Depot, Starport Reactor  
  104  6:55  SCV  
  104  6:56  SCV  
  106  7:02  Missile Turret  
  106  7:04  SCV  
  106  7:05  Missile Turret  
  106  7:07  SCV  
  108  7:08  Siege Tank x2  
  108  7:11  Missile Turret  
  114  7:15  Supply Depot  
  114  7:24  Supply Depot  
  114  7:28  Siege Tank  
  114  7:29  Factory Reactor  
  117  7:32  Viking x2  
  117  7:33  SCV  
  117  7:34  SCV x2  
  124  7:37  Supply Depot  
  124  7:40  Siege Tank x2  
  124  7:42  Hellion  
  124  7:43  Supply Depot  
  132  7:46  Supply Depot, Hellion  
  132  7:47  Supply Depot  
  132  7:48  SCV x2  
  132  7:49  SCV  
  137  7:56  Sensor Tower  
  137  7:57  Infernal Pre-Igniter  
  137  8:00  Hellion  
  137  8:02  SCV  
  137  8:03  Hellion  
  144  8:06  Supply Depot  
  144  8:09  Viking x2  
  146  8:13  Hellion  
  146  8:17  Siege Tank  
  146  8:18  Hellion x2  
  155  8:21  Siege Tank  
  155  8:24  Command Center  
  158  8:28  Supply Depot  
  158  8:34  Starport  
  158  8:35  Terran Vehicle Weapons Level 2  
  158  8:39  Viking x2  
  162  8:43  Factory  
  162  8:48  Factory  
  162  8:49  Smart Servos  
  162  8:53  Supply Depot  
  162  8:54  Hellion x3  
  168  8:56  Siege Tank  
  171  9:11  Refinery, Starport Reactor  
  171  9:12  Supply Depot  
  171  9:14  Siege Tank x2, Refinery  
  177  9:19  Hellion x3  
  177  9:20  Hellion  
  185  9:27  Thor  
  191  9:33  Factory Tech Lab x2  
  191  9:38  Planetary Fortress  
  187  9:55  Armory  
  187  10:11  Siege Tank x3  
  187  10:12  Siege Tank  
  199  10:17  SCV  
  199  10:18  Command Center  
Show
View Real Time Build Order
Export as new Build Order

A.I. 2 (Very Easy) Terran 

Build Orders:  

Get SALT Encoding   

  12  0:00  SCV  
  13  0:13  SCV  
  14  0:19  Supply Depot  
  14  0:36  Refinery  
  14  0:46  Barracks  
  14  1:05  Supply Depot  
  14  1:12  Refinery  
  14  1:30  SCV  
  15  1:34  Marine  
  16  1:43  SCV  
  17  1:55  SCV  
  18  2:07  SCV  
  19  2:09  Marine  
  20  2:19  SCV  
  21  2:31  SCV  
  22  2:44  Orbital Command, Marine  
  23  5:57  SCV, Marine  
  23  5:59  Supply Depot  
  23  6:01  Factory  
  25  6:20  SCV  
  25  6:24  Supply Depot  
  26  6:31  Marine  
  24  6:33  SCV  
  25  6:45  SCV  
  26  6:47  Starport  
  26  6:50  Barracks Tech Lab  
  26  6:53  Command Center  
  26  6:57  SCV  
  27  7:08  Marine  
  28  7:25  Starport Tech Lab  
  28  7:42  Marauder  
  30  7:44  Raven  
  32  8:06  SCV  
  33  8:13  SCV  
  33  8:15  Marine  
  33  8:16  Refinery  
  33  8:18  Refinery  
  35  8:20  SCV  
  35  8:27  SCV, Raven  
  38  8:34  SCV  
  39  8:42  SCV  
  40  8:49  SCV  
  41  8:56  SCV  
  42  9:03  SCV  
  43  9:10  SCV  
  44  9:17  SCV  
  45  9:24  SCV  
  46  9:32  SCV  
  47  9:39  SCV  
  47  9:42  Marine  
  45  9:46  SCV  
  45  9:48  Raven  
  44  9:53  SCV  
  45  10:03  SCV  
  43  10:12  Hellion  
  44  10:16  SCV, Supply Depot  
  24  10:28  SCV  
Tags
 
Composition
Mech
League
Diamond
Matchup
TvT
Race
Terran
Spawn Locations
Cross Positions
Add a new tag
Caveats
  • Supply blocks, unpowered buildings, or Contaminate may cause inaccurate times.
  • Supply counts are checked every 10 seconds.